 Dungeon Crawl Stone Soup version 0.18-a0-1727-g7ae74ef (webtiles) character file.

14189 Murumi the Blocker (level 12, -4/97 HPs)
             Began as a Formicid Fighter on Apr 10, 2016.
             Was a Follower of Elyvilon.
             Slain by a white ugly thing (15 damage)
             ... on level 11 of the Dungeon.
             The game lasted 01:04:21 (12714 turns).

Murumi the Blocker (Formicid Fighter)              Turns: 12714, Time: 01:04:22

Health: -4/97      AC: 17    Str: 24    XL:     12   Next: 42%
Magic:  16/19      EV:  6    Int: 10    God:    Elyvilon [*.....]
Gold:   492        SH: 18    Dex: 13    Spells: 0 memorised, 11 levels left

rFire  . . .     SeeInvis +     C - +1 scimitar (flame)
rCold  . . .     Gourm    .     A - +0 plate armour
rNeg   . . .     Faith    .     E - +0 large shield
rPois  .         Spirit   .     (helmet unavailable)
rElec  .         Dismiss  .     (no cloak)
rCorr  +         Reflect  .     D - +2 pair of gloves {Dex+3}
SustAt .         Harm     .     (no boots)
MR     +....                    (no amulet)
Stlth  ..........               e - ring of resist corrosion
                                b - ring of flight

@: somewhat resistant to hostile enchantments, extremely unstealthy
A: permanent stasis, dig shafts and tunnels, four strong arms, antennae 3
a: Dig, Shaft Self, Lesser Healing, Divine Protection, Renounce Religion, Evoke
Flight


You were on level 11 of the Dungeon.
You worshipped Elyvilon.
Elyvilon was aware of your devotion.
You were hungry.

You visited 2 branches of the dungeon, and saw 12 of its levels.
You also visited: Sewer and Ossuary.

You collected 716 gold pieces.
You spent 224 gold pieces at shops.

Inventory:

Hand Weapons
 C - a +1 scimitar of flaming (weapon)
Missiles
 g - 128 bolts
 v - 15 poisoned bolts
Armour
 A - a +0 plate armour (worn)
 D - a +2 pair of gloves of dexterity (worn)
 E - a +0 large shield (worn)
Jewellery
 b - a ring of flight (left hand)
 e - a ring of resist corrosion (right hand)
Wands
 o - a wand of lightning (8/15)
 r - a wand of flame (17/48)
Scrolls
 a - 4 scrolls of fog
 c - 2 scrolls of remove curse
 l - a scroll of enchant armour
 p - 2 scrolls of enchant weapon
 q - 2 scrolls of recharging
 y - 2 scrolls of magic mapping
Potions
 h - 3 potions of cancellation
 k - 2 potions of brilliance
 m - 3 potions of resistance
 n - a potion of magic
Comestibles
 d - 17 chunks of flesh
 f - 8 bread rations
 i - 6 meat rations
 j - 3 beef jerkies
 s - 6 slices of pizza
 z - 7 fruits


   Skills:
 - Level 10.1 Fighting
 - Level 9.0 Long Blades
 - Level 10.0 Armour
 - Level 11.0 Shields
 + Level 10.2 Invocations


You had 11 spell levels left.
You didn't know any spells.

Dungeon Overview and Level Annotations

Branches:
Dungeon (11/15)            Temple (1/1) D:7            Lair (0/8) D:8
    Orc (0/2) D:11

Altars:
Ashenzari
Cheibriados
Dithmenos
Elyvilon
Fedhas
Gozag
Kikubaaqudgha
Makhleb
Nemelex Xobeh
Okawaru
Pakellas
Qazlal
Ru
Sif Muna
Trog
Vehumet
Xom
Yredelemnul
Zin
The Shining One

Shops:
D:8 [

Annotations:
D:3 exclusion: oklob plant
D:10 Sonja


Innate Abilities, Weirdness & Mutations

You are under a permanent stasis effect.
You can dig through walls and to a lower floor.
Your four strong arms can wield two-handed weapons with a shield.
You have a pair of large antennae on your head (SInv).


Message History

You barely miss the white ugly thing.
The white ugly thing is heavily wounded.
The white ugly thing engulfs you. The white ugly thing freezes you!!
* * * LOW HITPOINT WARNING * * *
You are healed.
You feel somewhat more hungry.
The orc wizard casts a spell.
The orc wizard blinks!
You block the white ugly thing's attack.
You are healed.
You feel somewhat more hungry.
You block the white ugly thing's attack.
You slash the white ugly thing! You burn the white ugly thing.
The white ugly thing is almost dead.
The white ugly thing engulfs you. The white ugly thing freezes you!!
* * * LOW HITPOINT WARNING * * *
You are healed.
You are feeling hungry.
The white ugly thing engulfs you.
* * * LOW HITPOINT WARNING * * *
The white ugly thing freezes you!
You die...

# .... #.'.<......
##..# .......#
#........ ...# ......#
#........ #### ......#
#........ # .....
####'#### .... #.###
#o. #...## ######u###
###... #.....@.)# ####
#........# #######
#........# #......
#........########......
#........#.............
#..........######......
#........### #######
....).....# ##........#


You could see a white ugly thing and an orc wizard.

Vanquished Creatures
  2 hydras
  Erica (D:8)
  2 unseen horrors
  The ghost of Bzz the Skirmisher, a novice MiFi (D:7)
  A hill giant (D:11)
  The ghost of Murumi the Blocker, a novice FoFi (D:6)
  An elephant (D:8)
  The ghost of SirMumm the Shield-Bearer, a novice GrFi (D:5)
  Psyche (D:10)
  A kobold demonologist (D:11)
  A troll (D:11)
  Grinder (D:5)
  A two-headed ogre (D:11)
  4 yaks
  2 wyverns (D:9)
  A human (D:10)
  A hippogriff (D:9)
  A hog (D:10)
  A mottled dragon (D:11)
  Edmund (D:5)
  A water moccasin (D:9)
  Purgy (Sewer)
  4 orc warriors
  2 sky beasts
  6 black bears
  A necrophage (D:8)
  2 ice beasts
  7 ogres
  11 centaurs
  An elf zombie (Ossuary)
  4 big kobolds
  5 giant frogs
  A gnoll sergeant (D:10)
  3 scorpions
  A wyvern skeleton (D:11)
  11 killer bees
  6 howler monkeys
  A centaur zombie (D:4)
  5 crimson imps
  5 hounds
  8 orc priests
  A giant frog skeleton (D:11)
  A jelly (D:9)
  2 iguanas
  13 worker ants
  12 orc wizards
  A killer bee zombie (D:7)
  5 sheep
  A hound zombie (D:9)
  3 hound skeletons
  3 mummies (Ossuary)
  7 gnolls
  2 howler monkey skeletons
  7 adders
  3 shadow imps
  2 oozes
  4 adder zombies (Ossuary)
  2 worms
  3 dart slugs
  4 giant geckos
  40 orcs
  10 bats
  3 giant cockroaches
  8 goblins
  10 hobgoblins
  3 jackals (D:5)
  3 quokkas
  4 ball pythons
  A giant gecko skeleton (D:6)
  10 giant newts
  3 goblin zombies (Ossuary)
  4 hobgoblin zombies (Ossuary)
  A jackal skeleton (D:4)
  31 kobolds
  3 kobold zombies (Ossuary)
  A quokka skeleton (D:4)
  3 quokka zombies
  14 rats
  A rat zombie (Ossuary)
341 creatures vanquished.

Vanquished Creatures (collateral kills)
  A quokka (D:6)
1 creature vanquished.

Vanquished Creatures (others)
  An orc (D:6)
  17 toadstools (D:3)
18 creatures vanquished.

Grand Total: 360 creatures vanquished

Notes
Turn   | Place    | Note
--------------------------------------------------------------
     0 | D:1      | Murumi the Formicid Fighter began the quest for the Orb.
     0 | D:1      | Reached XP level 1. HP: 18/18 MP: 1/1
    19 | D:1      | Reached skill level 4 in Shields
    35 | D:1      | Reached XP level 2. HP: 24/24 MP: 2/2
   269 | D:1      | Reached XP level 3. HP: 29/29 MP: 3/3
   864 | D:2      | Found a shadowy altar of Dithmenos.
   918 | D:2      | Reached XP level 4. HP: 25/37 MP: 4/4
  1353 | D:3      | Found a glowing golden altar of the Shining One.
  1413 | D:3      | Found a shimmering altar of Xom.
  1514 | D:3      | Found a glowing drain.
  1520 | D:3      | Reached XP level 5. HP: 36/42 MP: 5/5
  1528 | Sewer    | Entered a sewer
  1541 | Sewer    | Noticed Purgy
  1547 | Sewer    | Killed Purgy
  1547 | Sewer    | Reached skill level 6 in Shields
  1547 | Sewer    | Reached XP level 6. HP: 30/48 MP: 6/6
  1879 | D:3      | Found a blossoming altar of Fedhas.
  1893 | D:3      | Noticed an oklob plant
  2501 | D:4      | Reached XP level 7. HP: 39/55 MP: 7/7
  2711 | D:4      | Reached skill level 5 in Fighting
  3123 | D:4      | Found an opulent altar of Gozag.
  3233 | D:5      | Entered Level 5 of the Dungeon
  3382 | D:5      | Found a sacrificial altar of Ru.
  3463 | D:5      | Reached skill level 5 in Armour
  3673 | D:5      | Noticed Grinder
  3718 | D:5      | Killed Grinder
  3718 | D:5      | Reached skill level 8 in Shields
  3718 | D:5      | Reached XP level 8. HP: 33/62 MP: 8/8
  3918 | D:5      | Noticed Edmund
  3941 | D:5      | Killed Edmund
  3952 | D:5      | Noticed SirMumm's ghost (novice GrFi)
  3976 | D:5      | Killed SirMumm's ghost
  4409 | D:5      | Reached XP level 9. HP: 74/74 MP: 9/9
  4468 | D:6      | Reached skill level 5 in Long Blades
  4536 | D:6      | Found a sand-covered staircase.
  4544 | Ossuary  | Entered an ossuary
  5090 | D:6      | Noticed Murumi's ghost (novice FoFi)
  5254 | D:6      | Killed Murumi's ghost
  6042 | D:6      | Found a burning altar of Makhleb.
  6429 | D:7      | Found a staircase to the Ecumenical Temple.
  6752 | Temple   | Entered the Ecumenical Temple
  6965 | D:7      | Reached XP level 10. HP: 68/80 MP: 10/10
  6995 | D:7      | Reached skill level 9 in Shields
  7273 | D:7      | Noticed Bzz's ghost (novice MiFi)
  7293 | D:7      | Killed Bzz's ghost
  7405 | D:7      | Found a bloodstained altar of Trog.
  7572 | D:7      | Found a sacrificial altar of Ru.
  8055 | D:8      | Found a staircase to the Lair.
  8055 | D:8      | Noticed an elephant
  8083 | D:8      | Killed an elephant
  8481 | D:8      | Found Ufauhog's Antique Armour Shop.
  8512 | D:8      | Bought a pair of runed gloves for 112 gold pieces
  8512 | D:8      | Bought a large shield for 112 gold pieces
  8578 | D:8      | Noticed an unseen horror
  8588 | D:8      | Killed an unseen horror
  8588 | D:8      | Reached skill level 10 in Shields
  8588 | D:8      | Reached XP level 11. HP: 64/89 MP: 11/11
  8933 | D:8      | Found a white marble altar of Elyvilon.
  8943 | D:8      | Became a worshipper of Elyvilon the Healer
  9276 | D:8      | Reached skill level 11 in Shields
  9307 | D:8      | Reached skill level 1 in Invocations
  9318 | D:8      | Noticed Erica
  9335 | D:8      | Killed Erica
  9552 | D:9      | Found an iron altar of Okawaru.
  9552 | D:9      | Found a deep blue altar of Sif Muna.
  9619 | D:9      | Reached skill level 5 in Invocations
 10012 | D:9      | Found a snail-covered altar of Cheibriados.
 10307 | D:10     | Entered Level 10 of the Dungeon
 10402 | D:10     | Reached * piety under Elyvilon
 10473 | D:10     | Found an opulent altar of Gozag.
 10587 | D:10     | Noticed a five-headed hydra
 10598 | D:10     | Killed a one-headed hydra
 10950 | D:10     | Noticed Sonja
 10957 | D:10     | HP: 1/89 [Sonja/short sword of distortion (20)]
 11517 | D:10     | Reached skill level 10 in Invocations
 11758 | D:10     | Noticed Psyche
 11768 | D:10     | Killed Psyche
 11768 | D:10     | Reached XP level 12. HP: 63/95 MP: 19/19
 11916 | D:11     | Noticed a six-headed hydra
 11916 | D:11     | Noticed an unseen horror
 11945 | D:11     | Killed an unseen horror
 11945 | D:11     | Reached skill level 10 in Fighting
 11960 | D:11     | Killed a one-headed hydra
 12553 | D:11     | Reached skill level 10 in Armour
 12578 | D:11     | Found a staircase to the Orcish Mines.
 12714 | D:11     | Slain by a white ugly thing

Vault maps used:
D:1:      dpeg_arrival_arbitrary_b
D:2:      overflow_temple_1_default, first_bread
D:3:      xom_teletrap_fun, marbit_many_paths, tgw_fedhas, portal_sewer_entry_e
D:4:      kennysheep_big_flooded_room, lemuel_round_altar
D:5:      overflow_temple_1_default, uniq_edmund, uniq_grinder
D:6:      lemuel_crystal_altar, nicolae_ossuary_entry_monument
D:7:      trog_ov_bears_minmay, minmay_temple_entry_statues_fountains,
          lemuel_centaur_altar
D:8:      overflow_temple_1_default, david_lair_generic, serial_shops,
          nicolae_shop_window_shopping, uniq_erica
D:9:      lemuel_coloured_pillars_altar, amethyst_overflow_temple_binary
D:10:     basic_altar, grunt_livestock, uniq_psyche, uniq_sonja
D:11:     orc_0_dummy, serial_shops, kennysheep_little_box
Temple:   jpeg_temple_alley_garden_8
Sewer:    kennysheep_door_sewer
Ossuary:  ossuary_minmay_chase

Skill      XL: |  1  2  3  4  5  6  7  8  9 10 11 12 |
---------------+-------------------------------------+-----
Shields        | 4 6 8 10 11 | 11.0
Long Blades    | 3 4 6 8 9 |  9.0
Fighting       | 4 5 8 9 10 | 10.1
Armour         | 4 5 8 9 10 | 10.0
Invocations    | 10 | 10.2

Action                   |  1- 3 |  4- 6 |  7- 9 | 10-12 || total
-------------------------+-------+-------+-------+-------++-------
Melee: Long sword        |   101 |   194 |   111 |       ||   406
       Scimitar          |       |       |   347 |   888 ||  1235
Invok: Lesser Healing    |       |       |       |    29 ||    29
 Abil: Dig               |       |     1 |     3 |     9 ||    13
Evoke: Wand              |       |       |       |     5 ||     5
  Use: Scroll            |     5 |     7 |     9 |     6 ||    27
       Potion            |       |     1 |     9 |     7 ||    17
 Stab: Invisible         |       |       |     1 |       ||     1
  Eat: Chunk             |       |     6 |    15 |    22 ||    43
       Pizza             |       |       |       |     2 ||     2
